Map: Stargazers

Players

ShoWTimE

  • Race: Protoss Protoss
  • Spawn Location: 1:00

DPGDark (Dark) - Winner!

  • Race: Zerg Zerg
  • League: Master
  • Spawn Location: 11:00

VOD

Have the link to the VOD?

Description

Time

  • Played on: Oct. 22, 2022, 8:30 a.m.
  • Length: 14:10
Show
View Real Time Build Order
Export as new Build Order

ShoWTimE Protoss 

Build Orders: 1 Gate Expand, Oracle Opening, Phoenix Opening, Archon Immortal 

Get SALT Encoding   

  12  0:00  Probe  
  13  0:12  Probe  
  14  0:18  Pylon  
  14  0:24  Probe  
  15  0:36  Probe (Chrono Boost)  
  15  0:39  Gateway  
  16  0:46  Probe (Chrono Boost), Assimilator  
  17  0:51  Probe (Chrono Boost)  
  18  1:03  Probe  
  19  1:15  Probe  
  20  1:24  Nexus  
  20  1:27  Probe  
  21  1:37  Cybernetics Core  
  21  1:40  Probe  
  21  1:45  Assimilator  
  22  1:53  Pylon  
  22  1:55  Probe  
  23  2:11  Probe (Chrono Boost)  
  23  2:13  Adept  
  26  2:17  Stargate  
  26  2:22  Probe (Chrono Boost)  
  27  2:27  Warp Gate, Probe (Chrono Boost)  
  28  2:37  Probe (Chrono Boost)  
  28  2:43  Adept, Probe (Chrono Boost)  
  32  2:46  Probe (Chrono Boost)  
  32  2:50  Probe (Chrono Boost)  
  34  2:51  Probe (Chrono Boost)  
  35  2:59  Phoenix (Chrono Boost)  
  35  3:01  Probe  
  35  3:03  Probe  
  39  3:10  Pylon  
  39  3:14  Oracle (Chrono Boost), Gateway  
  42  3:20  Probe  
  42  3:22  Probe  
  44  3:32  Probe  
  45  3:34  Probe  
  46  3:42  Oracle (Chrono Boost)  
  46  3:44  Probe  
  46  3:47  Probe, Pylon  
  51  3:56  Nexus  
  51  3:58  Probe  
  51  3:59  Probe  
  51  4:02  Assimilator  
  53  4:04  Assimilator  
  53  4:10  Probe  
  53  4:11  Probe  
  55  4:19  Adept x2  
  55  4:22  Probe  
  60  4:25  Pylon  
  60  4:26  Probe  
  61  4:35  Robotics Facility, Probe, Forge  
  62  4:43  Twilight Council, Probe  
  63  4:47  Probe  
  64  4:54  Sentry x2  
  64  4:55  Probe  
  64  4:56  Pylon  
  64  4:59  Probe  
  70  5:04  Gateway x2  
  70  5:08  Probe (Chrono Boost)  
  70  5:12  Probe (Chrono Boost)  
  73  5:17  Probe (Chrono Boost)  
  73  5:20  Probe (Chrono Boost)  
  75  5:22  Probe (Chrono Boost)  
  75  5:24  Probe (Chrono Boost)  
  75  5:25  Probe (Chrono Boost)  
  75  5:26  Immortal (Chrono Boost)  
  75  5:27  Protoss Ground Weapons Level 1 (Chrono Boost), Probe (Chrono Boost)  
  78  5:33  Charge  
  78  5:34  Probe (Chrono Boost)  
  80  5:38  Probe (Chrono Boost)  
  80  5:41  Probe (Chrono Boost)  
  82  5:44  Probe (Chrono Boost)  
  82  5:46  Templar Archives, Probe (Chrono Boost), Gateway  
  82  5:49  Probe x2 (Chrono Boost), Pylon  
  85  5:50  Assimilator  
  85  5:53  Probe  
  85  5:56  Assimilator  
  87  6:00  Probe x2  
  87  6:02  Immortal (Chrono Boost)  
  87  6:03  Pylon  
  89  6:08  Gateway  
  93  6:11  Pylon  
  93  6:27  High Templar x2  
  93  6:31  Archon  
  93  6:32  Nexus  
  97  6:35  Pylon  
  97  6:36  Warp Prism (Chrono Boost)  
  99  6:41  Pylon  
  99  6:44  Shield Battery, Photon Cannon  
  99  6:53  Gateway  
  99  6:55  Photon Cannon, Gateway  
  99  6:56  Shield Battery  
  99  6:58  Zealot x3  
  105  7:02  Zealot x3  
  111  7:10  Immortal (Chrono Boost)  
  115  7:21  Gateway  
  115  7:25  Gateway, High Templar x6  
  115  7:26  Probe  
  115  7:27  Probe x2  
  115  7:28  Photon Cannon  
  126  7:30  Archon x3, Photon Cannon  
  126  7:31  Protoss Ground Weapons Level 2 (Chrono Boost)  
  126  7:32  Shield Battery  
  124  7:38  Probe  
  124  7:43  Probe x2  
  127  7:44  Photon Cannon  
  128  7:51  Observer (Chrono Boost)  
  128  7:54  Zealot x2  
  128  7:56  Shield Battery  
  132  7:59  Zealot x4  
  132  8:05  Photon Cannon  
  140  8:09  Immortal (Chrono Boost)  
  128  8:15  Zealot, Blink (Chrono Boost)  
  128  8:16  Zealot x2  
  128  8:19  Zealot  
  134  8:26  Pylon  
  133  8:28  Pylon  
  133  8:29  Pylon  
  133  8:32  Zealot x2  
  135  8:37  Zealot x2  
  137  8:41  Photon Cannon  
  137  8:43  Pylon  
  137  8:46  High Templar x4  
  137  8:47  High Templar  
  145  8:48  High Templar  
  145  8:52  Archon x2  
  145  8:53  Archon  
  145  8:54  Immortal (Chrono Boost)  
  135  9:13  Zealot x4  
  143  9:23  Immortal (Chrono Boost), High Templar  
  149  9:27  Zealot x4, High Templar  
  149  9:30  Pylon  
  149  9:31  Archon  
  159  9:32  Pylon  
  159  9:38  Photon Cannon, High Templar x2  
  159  9:40  Shield Battery  
  159  9:42  Archon  
  163  9:49  Zealot  
  163  9:50  Zealot x5  
  170  10:11  Zealot x3  
  170  10:12  Zealot x6  
  129  10:37  Stalker x8  
  129  10:38  Stalker  
  129  10:39  Stalker  
  147  11:01  Nexus  
  147  11:03  Stalker x2  
  147  11:04  Stalker x2  
  155  11:13  Stalker  
  155  11:14  Stalker x2  
  161  11:21  Stalker x2  
  163  11:27  Zealot x3  
  156  11:35  Stalker x2  
  151  11:53  Pylon  
  139  11:54  Pylon  
  139  11:56  Pylon  
  139  12:00  Stalker x2  
  141  12:04  Pylon  
  141  12:06  Pylon  
  141  12:25  High Templar x4  
  141  12:26  Zealot x2  
  141  12:29  Observer, Archon x2  
  140  12:58  Zealot x5  
  141  12:59  Zealot  
  146  13:09  Observer  
  137  13:24  Observer  
  137  13:27  Zealot x6  
Show
View Real Time Build Order
Export as new Build Order

DPGDark Zerg - Winner!

Build Orders: Hatch First, Lurkers, Swarm Host 

Get SALT Encoding   

  12  0:00  Drone  
  13  0:12  Overlord  
  13  0:17  Drone  
  14  0:30  Drone x2  
  16  0:48  Hatchery  
  15  0:51  Drone  
  15  0:55  Drone  
  17  0:58  Drone  
  18  1:09  Extractor  
  17  1:13  Spawning Pool  
  17  1:16  Drone  
  17  1:19  Drone  
  18  1:27  Drone  
  19  1:38  Drone  
  20  1:48  Drone  
  21  2:00  Queen x2  
  25  2:01  Zergling x2  
  25  2:02  Drone  
  27  2:08  Metabolic Boost  
  27  2:11  Overlord  
  27  2:13  Drone  
  29  2:30  Drone x2  
  29  2:32  Drone x2  
  32  2:38  Hatchery  
  31  2:44  Queen  
  33  2:51  Overlord  
  33  2:54  Drone x2  
  33  2:56  Drone  
  36  3:11  Queen, Drone  
  36  3:12  Drone x4  
  43  3:18  Overlord  
  43  3:24  Overlord  
  43  3:31  Overlord  
  43  3:36  Queen  
  43  3:38  Zergling x4  
  47  3:42  Zergling x2  
  47  3:43  Drone x2  
  47  3:46  Drone  
  51  3:49  Queen, Overlord  
  51  3:53  Spore Crawler, Drone  
  53  3:57  Drone x3  
  53  4:00  Spore Crawler, Drone  
  56  4:03  Drone x2  
  58  4:10  Drone  
  58  4:12  Drone  
  58  4:15  Drone x2  
  58  4:16  Drone x2  
  64  4:18  Drone  
  64  4:23  Drone x3  
  68  4:26  Overlord x2  
  68  4:30  Lair  
  68  4:31  Extractor  
  67  4:36  Overlord  
  67  4:39  Spore Crawler  
  67  4:40  Overlord  
  67  4:43  Drone, Roach Warren  
  67  4:44  Evolution Chamber  
  65  4:46  Drone  
  65  4:47  Drone x2  
  65  4:49  Zergling x4  
  65  4:51  Drone  
  65  4:52  Drone  
  72  4:54  Drone x2  
  72  4:56  Drone  
  72  4:58  Drone  
  72  4:59  Drone  
  77  5:00  Drone x2  
  77  5:03  Drone x2  
  77  5:06  Drone, Extractor  
  81  5:07  Extractor  
  81  5:08  Extractor  
  81  5:09  Drone  
  81  5:10  Extractor  
  79  5:15  Drone x3  
  79  5:20  Drone  
  81  5:23  Drone x5  
  81  5:26  Drone x4  
  89  5:30  Glial Reconstitution  
  89  5:31  Zerg Missile Weapons Level 1  
  89  5:35  Drone  
  90  5:36  Overlord  
  90  5:40  Overlord  
  90  5:45  Infestation Pit  
  89  6:00  Hatchery  
  89  6:01  Overlord x2  
  88  6:10  Drone x4  
  91  6:21  Overlord  
  91  6:22  Swarm Host x9  
  91  6:24  Extractor  
  117  6:26  Extractor  
  117  6:29  Spore Crawler, Drone  
  117  6:31  Swarm Host  
  119  6:38  Swarm Host  
  119  6:39  Swarm Host x3  
  131  6:42  Roach x3  
  137  6:48  Overlord x3  
  137  6:56  Overlord x2  
  137  7:04  Nydus Network  
  136  7:09  Roach x10  
  153  7:17  Swarm Host x3  
  162  7:26  Overlord  
  162  7:27  Overlord  
  162  7:30  Overlord  
  162  7:32  Roach x4  
  170  7:37  Zerg Missile Weapons Level 2  
  170  7:40  Overlord  
  170  7:42  Overlord  
  170  7:43  Roach x3  
  176  7:44  Ravager, Spine Crawler x2  
  176  7:45  Ravager  
  176  7:47  Nydus Canal  
  176  7:50  Roach x2  
  180  7:56  Overlord  
  180  7:57  Roach x2  
  183  8:01  Roach x2  
  183  8:05  Nydus Canal  
  187  8:18  Roach x6, Overlord x2  
  199  8:23  Overlord  
  199  8:30  Spine Crawler x2  
  199  8:31  Nydus Canal, Spine Crawler  
  197  8:41  Ravager x3  
  197  8:45  Hive  
  197  8:47  Hydralisk Den  
  197  8:55  Ravager  
  197  8:56  Ravager x2  
  197  9:04  Roach  
  186  9:14  Roach x9  
  186  9:16  Spine Crawler  
  199  9:18  Spine Crawler  
  199  9:21  Lurker Den  
  197  9:29  Roach, Spine Crawler  
  197  9:30  Spine Crawler  
  199  9:31  Roach  
  199  9:37  Spine Crawler  
  198  9:44  Roach  
  200  9:49  Nydus Canal  
  199  10:00  Zerg Missile Weapons Level 3  
  197  10:07  Roach  
  197  10:11  Roach x4  
  192  10:15  Roach x4  
  197  10:26  Roach x3  
  197  10:37  Roach  
  197  10:38  Adaptive Talons  
  199  10:48  Hatchery  
  198  10:51  Grooved Spines  
  198  10:52  Hydralisk  
  200  11:20  Nydus Canal, Spine Crawler  
  200  11:22  Spine Crawler  
  196  11:26  Hydralisk x2  
  196  11:27  Hydralisk  
  196  11:34  Hydralisk x2  
  196  11:35  Seismic Spines  
  186  11:46  Hydralisk x2  
  186  11:48  Lurker  
  186  11:49  Nydus Canal  
  186  11:50  Hydralisk x4  
  186  11:52  Lurker x2  
  197  12:01  Lurker x2  
  197  12:02  Muscular Augments  
  197  12:06  Spore Crawler, Hydralisk  
  200  12:08  Spore Crawler  
  200  12:09  Drone  
  200  12:10  Spore Crawler  
  200  12:11  Spore Crawler  
  200  12:12  Lurker  
  199  12:17  Lurker  
  199  12:18  Overlord  
  199  12:20  Overlord  
  200  12:30  Spine Crawler  
  200  12:31  Lurker, Spine Crawler  
  200  12:34  Lurker x2  
  195  12:40  Hydralisk x2  
  199  12:44  Nydus Canal  
  199  13:04  Hydralisk  
  199  13:07  Lurker  
  189  13:14  Hydralisk x9  
  189  13:16  Lurker x4, Hydralisk  
  188  13:23  Hydralisk x2  
  180  13:32  Hydralisk  
  180  13:33  Hydralisk  
  183  13:41  Lurker  
  183  13:45  Hydralisk x3  
Tags
 
Add a new tag
Caveats
  • Supply blocks, unpowered buildings, or Contaminate may cause inaccurate times.
  • Supply counts are checked every 10 seconds.